 Dungeon Crawl Stone Soup version 0.23-a0-445-g768d57b (webtiles) character file.

869338 Azzok the Sorcerer (level 27, -10/209 (210) HPs)
             Began as a Demonspawn Fire Elementalist on Nov 17, 2018.
             Was the Champion of Vehumet.
             Mangled by a reaper
             ... wielding a +1 scythe of venom
              (11 damage)
             ... on level 9 of a ziggurat.
             The game lasted 04:31:48 (82327 turns).

Azzok the Sorcerer (Demonspawn Fire Elementalist)  Turns: 82327, Time: 04:31:49

HP:   -10/209 (210) AC: 21    Str: 10    XL:     27
MP:   0/51          EV: 24    Int: 35    God:    Vehumet [******]
Gold: 4840          SH: 10    Dex: 23    Spells: 13/74 levels left

rFire    + + +     SeeInvis .   p - staff of conjuration
rCold    . . .     Gourm    .   S - +3 warlock's mirror {reflect}
rNeg     + . .     Faith    .   s - +2 robe {Archmagi}
rPois    +         Spirit   +   T - +0 helmet "Wiockit" {MR+ Int+3} (curse)
rElec    +         Reflect  +   u - +0 cloak of the Iron City of Dis {rCorr Int+5}
rCorr    +         Harm     .   J - +0 pair of gloves of Inaction {Regen+} (curse)
MR       ++++.                  (boots unavailable)
Stlth    +++.......             k - amulet of magic regeneration
HPRegen  0.00/turn              P - ring "Imuqacer" {rF+ rC+ MR+}
MPRegen  0.89/turn              Q - ring of Zinkirph {Fire rElec rPois Dex+3 Slay+2}

@: agile, flayed, doom-hounded, sanguine armour, recuperating, diseased,
studying 2 skills, silenced
A: talons 3, fire resistance 1, mutation resistance 1, negative energy
resistance 1, powered by pain 3, 50% torment resistance, wild magic 1, magic
shield, magic regeneration, magic link, black mark, sanguine armour 3
}: 4/15 runes: serpentine, barnacled, slimy, silver
a: Renounce Religion


You were on level 9 of a ziggurat.
You worshipped Vehumet.
Vehumet was exalted by your worship.
You were not hungry.

You visited 11 branches of the dungeon, and saw 53 of its levels.
You visited 2 ziggurats (completing 1), and saw 36 of their levels.
You also visited: Trove.

You collected 9766 gold pieces.
You spent 4926 gold pieces at shops.

Inventory:

Hand Weapons
 I - the +3 Elemental Staff {rElec rF++ rC++ MR++ AC+5}
   (You found it on level 21 of a ziggurat)

   It affects your AC (+5).
   It greatly protects you from fire.
   It greatly protects you from cold.
   It insulates you from electricity.
   It affects your resistance to hostile enchantments.
Missiles
 Y - a javelin of penetration (quivered)
Armour
 s - a +2 robe of the Archmagi (worn)
 u - the +0 cloak of the Iron City of Dis (worn) {rCorr Int+5}
   (You found it in a treasure trove)

   It affects your intelligence (+5).
   It provides partial protection from all sources of acid and corrosion.
 G - the cursed +0 cloak of Tutel {+Blink rElec Int+4}
   (You found it on level 12 of a ziggurat)

   It affects your intelligence (+4).
   It insulates you from electricity.
   It lets you blink.
   It has a curse placed upon it.
 J - the cursed +0 pair of gloves of Inaction (worn) {Regen+}
   (You found it on level 17 of a ziggurat)

   It increases your rate of regeneration.
   It has a curse placed upon it.
 S - the +3 warlock's mirror (worn) {reflect}
   (You took it off a deep elf death mage on level 3 of the Elven Halls)
 T - the cursed +0 helmet "Wiockit" (worn) {MR+ Int+3}
   (You found it on level 10 of a ziggurat)

   It affects your intelligence (+3).
   It affects your resistance to hostile enchantments.
   It has a curse placed upon it.
Magical Staves
 g - an uncursed staff of fire
 p - an uncursed staff of conjuration (weapon)
 M - an uncursed staff of earth
 O - an uncursed staff of energy
Jewellery
 k - an amulet of magic regeneration (around neck)
 l - the macabre finger necklace {rN+}
   (You found it on level 27 of a ziggurat)

   [amulet of nothing]

   It protects you from negative energy.
 q - the ring "Zacemur" {MR+ SInv}
   (You found it on level 27 of a ziggurat)

   [ring of see invisible]

   It affects your resistance to hostile enchantments.
   It lets you see invisible.
 P - the ring "Imuqacer" (left hand) {rF+ rC+ MR+}
   (You bought it in a shop on level 5 of the Depths)

   [ring of protection from fire]

   It protects you from fire.
   It protects you from cold.
   It affects your resistance to hostile enchantments.
 Q - the ring of Zinkirph (right hand) {Fire rElec rPois Dex+3 Slay+2}
   (You bought it in a shop on level 5 of the Depths)

   [ring of fire]

   It enhances your fire magic.
   It affects your dexterity (+3).
   It affects your accuracy and damage with ranged weapons and melee attacks
   (+2).
   It protects you from fire.
   It makes you vulnerable to cold.
   It insulates you from electricity.
   It protects you from poison.
 W - an uncursed ring of protection from cold
Wands
 X - a wand of acid (18)
 Z - a wand of digging (3)
Scrolls
 e - 4 scrolls of summoning
 f - 43 scrolls of remove curse
 i - 53 scrolls of teleportation
 o - 14 scrolls of amnesia
 t - 3 scrolls of enchant armour
 w - 19 scrolls of fog
 y - 14 scrolls of fear
 z - 22 scrolls of blinking
 C - 22 scrolls of identify
 H - 21 scrolls of magic mapping
 L - 8 scrolls of immolation
Potions
 a - 6 potions of brilliance
 b - 2 potions of agility
 d - 10 potions of flight
 h - 8 potions of magic
 j - 6 potions of invisibility
 n - a potion of resistance
 r - 3 potions of might
 v - 22 potions of curing
 x - 18 potions of mutation {!q}
 B - 10 potions of haste
 D - 26 potions of heal wounds
 E - 7 potions of cancellation
 K - 11 potions of lignification
 R - 5 potions of ambrosia
Books
 A - a manual of Charms
 F - a manual of Throwing
Miscellaneous
 N - 12 phantom mirrors
 V - 7 boxes of beasts
Comestibles
 c - 64 rations


   Skills:
 + Level 16.1 Fighting
 + Level 5.2 Throwing
 - Level 13.0 Armour
 + Level 7.5 Dodging
 - Level 1.7 Stealth
 + Level 8.3 Shields
 - Level 24.1 Spellcasting
 - Level 22.0 Conjurations
 - Level 7.0 Summonings
 + Level 18.9 Necromancy
 - Level 9.5 Transmutations
 - Level 23.2 Fire Magic
 - Level 10.0 Air Magic
 - Level 21.0 Earth Magic
 + Level 17.1 Evocations


You had 13 spell levels left.
You knew the following spells:

 Your Spells              Type           Power        Failure   Level  Hunger
a - Iron Shot             Conj/Erth      #########.   1%          6    None
b - Shatter               Erth           #########.   4%          9    ####...
c - Borgnjor's Vile Clut  Necr/Erth      #########.   1%          5    None
d - Fire Storm            Conj/Fire      ##########   2%          9    ####...
e - Ignition              Fire           #########.   1%          8    #......
f - Regeneration          Chrm/Necr      ########..   1%          3    None
g - Deflect Missiles      Chrm/Air       ########..   17%         6    None
h - Blink                 Tloc           N/A          1%          2    None
i - Spellforged Servitor  Conj/Summ      #########.   1%          7    None
j - Statue Form           Tmut/Erth      ########.    1%          6    None

Your spell library contained the following spells:

 Spells                   Type           Power        Failure   Level  Hunger
 Glaciate                 Conj/Ice       ########..   85%         9    ####...
 Animate Skeleton         Necr           N/A          1%          1    None
 Apportation              Tloc           ######       1%          1    None
 Beastly Appendage        Tmut           ######       1%          1    None
 Confusing Touch          Hex            ######       1%          1    None
 Corona                   Hex            ######.      1%          1    None
 Flame Tongue             Conj/Fire      #####        1%          1    None
 Freeze                   Ice            ####         1%          1    None
 Infusion                 Chrm           ####         1%          1    None
 Magic Dart               Conj           ####         1%          1    None
 Pain                     Necr           ####         1%          1    None
 Sandblast                Erth           ######       1%          1    None
 Shock                    Conj/Air       ####         1%          1    None
 Sting                    Conj/Pois      ####         1%          1    None
 Summon Butterflies       Summ           ########     1%          1    None
 Summon Small Mammal      Summ           ####         1%          1    None
 Call Imp                 Summ           ########     1%          2    None
 Corpse Rot               Necr           N/A          1%          2    None
 Ensorcelled Hibernation  Hex/Ice        ######       1%          2    None
 Passwall                 Tmut/Erth      ########     1%          2    None
 Poisonous Vapours        Pois/Air       ######       1%          2    None
 Searing Ray              Conj           ######       1%          2    None
 Shroud of Golubria       Chrm/Tloc      ######....   1%          2    None
 Slow                     Hex            ######..     1%          2    None
 Song of Slaying          Chrm           ######..     1%          2    None
 Sticks to Snakes         Tmut           ########     1%          2    None
 Sublimation of Blood     Necr           ########..   1%          2    None
 Swiftness                Chrm/Air       ########     1%          2    None
 Throw Flame              Conj/Fire      ######       1%          2    None
 Throw Frost              Conj/Ice       ######       1%          2    None
 Call Canine Familiar     Summ           ########     1%          3    None
 Conjure Flame            Conj/Fire      ########     1%          3    None
 Dazzling Spray           Conj/Hex       ######       1%          3    None
 Ignite Poison            Fire/Tmut/Pois ########     1%          3    None
 Inner Flame              Hex/Fire       ########     1%          3    None
 Mephitic Cloud           Conj/Pois/Air  ########     1%          3    None
 Recall                   Summ/Tloc      N/A          1%          3    None
 Spider Form              Tmut/Pois      #######...   1%          3    None
 Static Discharge         Conj/Air       ########     1%          3    None
 Stone Arrow              Conj/Erth      ######       1%          3    None
 Summon Guardian Golem    Hex/Summ       #######.     1%          3    None
 Vampiric Draining        Necr           ########..   1%          3    None
 Airstrike                Air            ########..   1%          4    None
 Animate Dead             Necr           N/A          1%          4    None
 Force Lance              Conj/Tloc      ########     1%          4    None
 Fulminant Prism          Conj/Hex       ########..   1%          4    None
 Ice Form                 Ice/Tmut       #######.     1%          4    None
 Iskenderun's Mystic Bla  Conj           ########     1%          4    None
 Leda's Liquefaction      Hex/Erth       ########..   1%          4    None
 Petrify                  Tmut/Erth      ########     1%          4    None
 Sticky Flame             Conj/Fire      ########     1%          4    None
 Throw Icicle             Conj/Ice       ########     1%          4    None
 Agony                    Necr           ########     1%          5    None
 Aura of Abjuration       Summ           ########..   1%          5    None
 Blade Hands              Tmut           ########..   1%          5    None
 Bolt of Draining         Conj/Necr      #########.   1%          5    None
 Bolt of Magma            Conj/Fire/Erth ##########   1%          5    None
 Dispel Undead            Necr           ########     1%          5    None
 Excruciating Wounds      Chrm/Necr      ########..   1%          5    None
 Fireball                 Conj/Fire      ##########   1%          5    None
 Irradiate                Conj/Tmut      #########.   1%          5    None
 Iskenderun's Battlesphe  Conj/Chrm      ########     1%          5    None
 Lee's Rapid Deconstruct  Erth           #########.   1%          5    None
 Lightning Bolt           Conj/Air       #########.   1%          5    None
 Summon Demon             Summ           ########..   1%          5    None
 Venom Bolt               Conj/Pois      ########..   1%          5    None
 Yara's Violent Unravell  Hex/Tmut       #######...   1%          5    None
 Bolt of Cold             Conj/Ice       ########..   1%          6    None
 Bolt of Fire             Conj/Fire      ##########   1%          6    None
 Death Channel            Necr           ########..   1%          6    None
 Freezing Cloud           Conj/Ice/Air   ########..   1%          6    None
 Poison Arrow             Conj/Pois      ########..   1%          6    None
 Orb of Destruction       Conj           #########.   1%          7    None
 Lehudib's Crystal Spear  Conj/Erth      #########.   1%          8    #......
 Olgreb's Toxic Radiance  Pois           ######..     2%          4    None
 Summon Ice Beast         Ice/Summ       #######.     2%          4    None
 Chain Lightning          Conj/Air       #########.   2%          8    #......
 Confuse                  Hex            ######..     3%          3    None
 Gell's Gravitas          Tloc           ######....   3%          3    None
 Lesser Beckoning         Tloc           ######....   3%          3    None
 Ozocubu's Armour         Chrm/Ice       ######..     3%          3    None
 Portal Projectile        Hex/Tloc       ######       3%          3    None
 Spectral Weapon          Hex/Chrm       ######..     3%          3    None
 Teleport Other           Tloc           ######..     3%          3    None
 Tukima's Dance           Hex            ######..     3%          3    None
 Silence                  Hex/Air        ########..   3%          5    None
 Hydra Form               Tmut           ########..   3%          6    None
 Simulacrum               Ice/Necr       ########..   3%          6    None
 Infestation              Necr           ########..   3%          8    #......
 Alistair's Intoxication  Tmut/Pois      #######.     4%          5    None
 Summon Forest            Summ/Tloc      #######...   6%          5    None
 Summon Mana Viper        Hex/Summ       #######.     6%          5    None
 Ring of Flames           Chrm/Fire      #########.   7%          7    None
 Shadow Creatures         Summ           N/A          8%          6    None
 Cause Fear               Hex            ######....   10%         4    None
 Passage of Golubria      Tloc           N/A          10%         4    None
 Dragon Form              Tmut           ########..   14%         7    None
 Metabolic Englaciation   Hex/Ice        ######....   22%         5    None
 Ozocubu's Refrigeration  Ice            ######....   28%         6    None
 Monstrous Menagerie      Summ           ########..   36%         7    None
 Summon Greater Demon     Summ           ########..   36%         7    None
 Summon Hydra             Summ           ########..   36%         7    None
 Darkness                 Hex            ######....   73%         6    None
 Dispersal                Tloc           ######....   73%         6    None
 Invisibility             Hex            ######..     73%         6    None
 Malign Gateway           Summ/Tloc      #######...   82%         7    None
 Tornado                  Air            ########..   93%         9    ####...
 Summon Horrible Things   Summ           ########..   95%         8    #......
 Controlled Blink         Tloc           N/A          100%        8    #......
 Discord                  Hex            ######....   100%        8    #......
 Disjunction              Tloc           ######....   100%        8    #......
 Dragon's Call            Summ           ########..   100%        9    ####...


Dungeon Overview and Level Annotations

Branches:
Dungeon (15/15)            Temple (1/1) D:6            Lair (6/6) D:9
 Shoals (4/4) Lair:3        Snake (4/4) Lair:2        Slime (5/5) Lair:5
    Orc (2/2) D:10            Elf (3/3) Orc:2        Vaults (5/5) D:13
  Crypt (3/3) Vaults:2       Tomb (0/3) Crypt:3      Depths (5/5) D:15
    Zot (0/5) Depths:5

Altars:
Ashenzari
Cheibriados
Dithmenos
Elyvilon
Fedhas
Gozag
Kikubaaqudgha
Makhleb
Okawaru
Qazlal
Ru
Sif Muna
Trog
Uskayaw
Vehumet
Wu Jian
Xom
Yredelemnul
Zin
The Shining One
Beogh

Shops:
D:7 %   D:14 (   Orc:2 [}!}   Elf:1 %   Elf:2 (   Shoals:2 ?   Shoals:4 !
Snake:1 (   Snake:2 *   Vaults:1 }   Vaults:3 =   Vaults:4 %!%=!   Vaults:5 *
Depths:1 !   Depths:5 =}=

Portals:
Hell: Depths:1 Depths:2 Depths:3 Depths:4 Depths:5
Abyss: Depths:4 Depths:5
Pandemonium: Depths:1 Depths:3

Annotations:
Lair:1 1 runed door, Bywa Foss's ghost, journeyman MiFi
Snake:2 3 runed doors, exclusion: obsidian statue, Xeqiywny's ghost, journeyman FeAr
Orc:2 exclusion: oklob plant
Crypt:2 1 runed door, Funu's ghost, adept GrFi


Innate Abilities, Weirdness & Mutations

You have claws for feet.
You resist negative energy. (rN+)
You are powered by pain.
You are somewhat able to resist unholy torments (1 in 2 success).
When hurt, damage is shared between your health and your magic reserves.
You regenerate magic rapidly.
When low on magic, you restore magic in place of health.
Your melee attacks may debilitate your foes.
When seriously injured, your bleeding wounds create very thick armour. (AC +12)
Your flesh is heat resistant. (rF+)
You are somewhat resistant to further mutation.
Your spells are a little harder to cast, but a little more powerful.


Message History

The shadow demon misses you.
The doom hound bites you but does no damage.
The doom hound misses you.
A shadow dragon comes into view.
Deactivating autopickup; reactivate with Ctrl-A.
You miss something. You claw something.
The phantasmal warrior blinks!
The skeletal warrior hits you but does no damage.
The shadow strikes at you from the darkness!
* * * LOW MAGIC WARNING * * *;
* * * LOW HITPOINT WARNING * * *
Reactivating autopickup.
The phantasmal warrior blinks!
You block the doom hound's attack. The doom hound barely misses you.
You block the bone dragon's attack.
The bone dragon claws you but does no damage.
The bone dragon tramples you but does no damage.
The Tzitzimitl completely misses you. The Tzitzimitl bites you!
* * * LOW MAGIC WARNING * * *
You feel ill.
You feel your flesh rotting away! You block the shadow demon's attack.
The reaper hits you from afar with a +1 scythe of venom!
You die...

▓▓▓▓▓▓▓▓▓▓
▓▓·········
▓▓·········
▓▓···▒ ···▒
▓▓····▒▒W··▒▒·
▓▓···ZZW2WW····
▓·∩··WhDWzW····
▓▓···D2@W2W····
▓▓··21▒▒zZ·▒▒·
▓▓···▒ ·§·▒
▓▓···· ····
▓▓·········
▓▓▓▓▓▓▓▓▓▓


You could see 2 bone dragons, a doom hound, a Tzitzimitl, 2 reapers, 2 skeletal
warriors, a flayed ghost, a shadow demon, 3 phantasmal warriors, a freezing
wraith, a silent spectre, a tormentor, a phantom, 2 shadows, a shadow dragon
zombie, a fire giant zombie and a frost giant zombie.

Vanquished Creatures
  the Royal Jelly (Slime:5)
  9 pandemonium lords
  Mennas (Depths:3)
  Mara (Crypt:1)
  13 ancient liches
  A greater mummy (Crypt:3)
  Boris (twice) (Depths:4 Crypt:1)
  Frederick (Vaults:4)
  Bai Suzhen (Crypt:1)
  Margery (Vaults:2)
  3 caustic shrikes
  Saint Roka (Vaults:4)
  6 Killer Klowns
  23 golden dragons
  2 profane servitors
  Jory (Vaults:4)
  8 bone dragons
  A Brimstone Fiend (Zig:21)
  9 liches
  A hellephant (Zig:22)
  5 iron giants
  3 Tzitzimimeh
  9 Hell Sentinels
  10 tentacled monstrosities
  31 acid blobs
  4 deep elf master archers
  3 Ice Fiends
  5 deep elf blademasters
  6 titans
  A quicksilver dragon (shapeshifter) (Zig:18)
  2 quicksilver dragons (Vaults:5)
  A sphinx (shapeshifter) (Zig:10)
  9 ancient champions
  A kraken (Shoals:4)
  6 Executioners (Zig:21)
  Agnes (D:14)
  16 sphinxes
  4 thorn hunters
  10 shadow dragons
  Kirke (Lair:4)
  8 tengu reavers
  7 tentacled starspawn
  2 storm dragons
  Donald (Elf:3)
  11 revenants
  18 nagarajas
  An azure jelly (shapeshifter) (Zig:10)
  A shadow dragon (shapeshifter) (Zig:10)
  13 azure jellies
  10 deep elf sorcerers
  2 iron dragons (shapeshifter) (Depths:2)
  9 fire giants
  A balrug (Zig:21)
  14 frost giants
  13 vault wardens
  4 draconian knights
  3 orc warlords
  4 iron dragons
  3 emperor scorpions (Zig:20)
  Louise (Snake:3)
  3 cacodemons (Zig:21)
  8 deep elf elementalists
  10 ghost moths
  8 curse skulls
  2 warmongers (Zig:21)
  2 caustic shrike zombies (Zig:23)
  17 ironheart preservers
  15 ghouls
  7 juggernaut zombies
  10 war gargoyles
  2 spriggan defenders
  23 very ugly things
  7 entropy weavers
  2 juggernaut skeletons
  11 vampire knights
  A caustic shrike skeleton (Zig:23)
  26 stone giants
  6 blood saints
  23 reapers
  A green draconian (Depths:5)
  10 deep elf demonologists
  Nessos (Lair:4)
  2 purple draconians
  5 lorocyprocas
  5 corrupters
  2 black suns (Zig:21)
  21 deep elf annihilators
  5 spark wasps
  A red draconian (Depths:5)
  A yellow draconian (Depths:5)
  A black draconian (Depths:5)
  3 white draconians (Depths:5)
  8 merfolk javelineers
  6 dire elephants
  12 ettins
  3 blizzard demons
  17 green deaths
  17 deep elf death magi
  15 eidola
  9 merfolk impalers
  A crystal guardian (Depths:2)
  11 death oozes
  9 fire dragons
  22 yaktaur captains
  7 jiangshi
  17 great orbs of eyes
  16 ice dragons
  27 vault guards
  8 deep elf high priests
  A hell beast (Zig:21)
  A catoblepas (Zig:11)
  18 hydras
  A quicksilver dragon skeleton (Crypt:2)
  3 juggernaut simulacra
  4 merfolk avatars
  19 naga warriors
  A catoblepas (shapeshifter) (Zig:10)
  11 centaur warriors
  6 spriggan air magi
  Erica (Lair:1)
  2 ghost crabs
  7 death knights
  21 ogre magi
  An anaconda (shapeshifter) (Zig:7)
  7 rakshasas
  2 alligator snapping turtles
  2 two-headed ogres (shapeshifter) (Zig:18)
  65 two-headed ogres
  9 shambling mangroves
  42 dancing weapons
  10 merfolk aquamancers
  3 deep troll shamans
  10 anacondas
  7 alligators
  2 tengu warriors
  16 vampire magi
  2 hell hogs (Zig:22)
  4 satyrs
  17 naga sharpshooters
  8 deep troll earth magi
  3 thrashing horrors
  A spriggan berserker (Depths:3)
  12 shock serpents
  12 orc high priests
  Sonja (Lair:4)
  A sun demon (Zig:21)
  29 deep elf knights
  3 soul eaters
  5 salamander mystics
  4 wretched stars
  26 skeletal warriors
  17 hell knights
  A fire crab (Zig:11)
  3 sixfirhies
  4 golden dragon zombies
  3 storm dragon zombies
  A titan skeleton (Depths:1)
  10 flayed ghosts
  7 shadow wraiths
  A shadow demon (Zig:21)
  2 spatial maelstroms
  A glowing orange brain (shapeshifter) (Zig:19)
  11 sea snakes
  5 unseen horrors
  7 naga ritualists
  An obsidian statue (Vaults:1)
  7 glowing orange brains
  A deep troll (shapeshifter) (Depths:2)
  6 death drakes (Zig:24)
  2 death drakes (shapeshifter)
  12 deep trolls
  3 shadow dragon zombies
  A ghost moth zombie (Crypt:3)
  23 harpies
  4 wizards
  4 anaconda zombies
  A swamp dragon (shapeshifter) (Zig:25)
  18 ironbrand convokers
  2 lindwurms (shapeshifter)
  13 swamp dragons
  26 deep elf archers
  26 orc knights
  28 phantasmal warriors
  An orb spider (shapeshifter) (Zig:22)
  2 tengu zombies
  14 necromancers
  4 iron dragon zombies
  17 wolf spiders
  5 oklob plants
  7 orb spiders
  A sphinx zombie (Zig:26)
  A wolf spider (shapeshifter) (Depths:2)
  6 orc sorcerers
  2 stone giant zombies (Crypt:3)
  18 manticores
  6 mana vipers
  7 shining eyes
  2 fire giant zombies
  27 cyclopes
  82 deep elf magi
  2 salamanders (shapeshifter)
  2 worldbinders (Zig:22)
  A faun (shapeshifter) (Zig:18)
  A frost giant zombie (Crypt:3)
  16 salamanders
  A shining eye (shapeshifter) (Vaults:5)
  36 ugly things
  5 moths of wrath
  6 fauns
  A glowing shapeshifter (Zig:14)
  A moth of wrath (shapeshifter) (Zig:18)
  33 naga magi
  An elephant (shapeshifter) (Zig:18)
  10 merfolk sirens
  17 rust devils
  A water nymph (shapeshifter) (Zig:13)
  3 spriggan zombies
  4 eyes of devastation
  7 apocalypse crabs
  37 black mambas
  An ice statue (Zig:17)
  14 elephants
  5 centaur zombies
  3 torpor snails
  5 spectral swamp worms (Depths:3)
  5 gargoyles
  12 vault sentinels
  An orange demon (Zig:21)
  14 water nymphs
  8 smoke demons
  A molten gargoyle (D:12)
  4 guardian serpents
  2 spiny frogs (shapeshifter)
  An eye of devastation (shapeshifter) (Zig:25)
  12 spiny frogs
  3 rime drakes
  5 demonic crawlers
  3 torpor snails (shapeshifter)
  58 yaktaurs
  A yaktaur (shapeshifter) (Elf:1)
  8 hellions
  A kobold demonologist (D:14)
  2 centaur skeletons
  An iron troll zombie (Crypt:1)
  3 efreet
  14 freezing wraiths
  A rime drake (shapeshifter) (Depths:4)
  3 ice devils
  9 komodo dragons
  13 tormentors
  A hellwing (Zig:8)
  2 red devils
  9 tengu conjurers
  A catoblepas skeleton (Crypt:2)
  3 guardian mummies
  36 merfolk
  6 ancient zymes
  A meliai (shapeshifter) (Depths:3)
  A silent spectre (Zig:9)
  A green draconian skeleton (Crypt:2)
  A queen bee (shapeshifter) (Zig:13)
  A polar bear (shapeshifter) (Zig:25)
  4 tyrant leeches
  A slime creature (shapeshifter) (Zig:19)
  4 trolls
  A hydra skeleton (Crypt:2)
  11 jumping spiders
  22 hornets
  6 raiju
  A blink frog (shapeshifter) (Elf:2)
  6 blink frogs
  A harpy skeleton (D:15)
  2 ettin zombies (Crypt:3)
  6 wind drakes
  A polar bear (Lair:4)
  14 hippogriffs
  7 bog bodies
  A snapping turtle (shapeshifter) (Depths:3)
  A tengu simulacrum (Depths:3)
  13 dream sheep
  77 slime creatures
  A fire dragon zombie (Crypt:3)
  An ice dragon zombie (Crypt:3)
  8 snapping turtles
  4 spriggans
  13 large abominations
  4 wyverns
  A redback (shapeshifter) (Depths:4)
  An elf skeleton (Zig:23)
  3 ettin skeletons
  7 air elementals
  A flying skull (Zig:23)
  A tarantella (shapeshifter) (Zig:18)
  9 tarantellas
  A spriggan (shapeshifter) (Vaults:1)
  18 wraiths
  8 ynoxinuls
  A black mamba zombie (Crypt:3)
  8 redbacks
  21 water elementals
  4 shadows
  4 elf zombies (Zig:26)
  7 golden eyes
  3 vampires
  5 fire elementals
  53 yaks
  2 hogs (Lair:4)
  11 starcursed masses
  5 neqoxecs
  4 hungry ghosts
  4 basilisks
  3 yaktaur simulacra
  6 chaos spawn
  10 wargs
  3 steam dragons (Shoals:2)
  3 vampire mosquitoes
  Menkaure (D:4)
  An insubstantial wisp (Zig:24)
  Edmund (D:5)
  60 nagas
  2 soldier ants
  3 acid dragons
  A water moccasin (shapeshifter) (Zig:22)
  A soldier ant (shapeshifter) (Zig:14)
  A swamp worm (shapeshifter) (Depths:2)
  8 porcupines
  Duvessa (D:5)
  8 water moccasins
  A floating eye (shapeshifter) (Zig:19)
  A hell hound (Zig:26)
  A merfolk skeleton (Crypt:2)
  3 snapping turtle zombies (Crypt:3)
  63 orc warriors
  2 phantoms
  3 sky beasts
  A hornet zombie (D:8)
  4 swamp drakes
  7 ice beasts
  A fire dragon simulacrum (Depths:1)
  50 ogres
  15 eyes of draining
  9 wolves
  4 boggarts (Vaults:2)
  A centaur (shapeshifter) (Depths:2)
  17 necrophages
  13 crocodiles
  20 centaurs
  2 big kobolds
  Blork the orc (D:4)
  18 bullfrogs
  A wyvern zombie (D:14)
  7 earth elementals
  A hippogriff skeleton (Crypt:2)
  13 small abominations
  A cyclops zombie (Crypt:1)
  A water moccasin zombie (D:10)
  7 wyvern skeletons
  2 scorpions
  Dowan (D:5)
  24 killer bees
  11 wights
  A warg skeleton (Crypt:2)
  A tengu skeleton (Depths:1)
  A spriggan skeleton (Crypt:1)
  12 howler monkeys
  A wolf zombie (Crypt:1)
  3 electric eels
  14 crimson imps
  A lava snake (D:12)
  A quasit (D:8)
  4 hounds
  A human zombie (Crypt:3)
  6 jellies
  40 orc priests
  A gnoll shaman (D:5)
  33 orc wizards
  Crazy Yiuf (D:5)
  2 bullfrog skeletons
  18 iron imps
  3 iguanas
  A porcupine zombie (Crypt:2)
  Natasha (thrice) (D:2)
  12 hell rats
  10 worker ants
  A lightning spire (Zig:9)
  An ogre skeleton (Crypt:1)
  A hound zombie (D:10)
  A mummy (Crypt:3)
  A howler monkey zombie (D:5)
  4 worker ant zombies
  15 adders
  5 gnolls (D:5)
  3 shadow imps
  4 white imps
  An ooze (D:5)
  2 worm zombies (Crypt:2)
  An adder zombie (D:9)
  3 worms
  8 leopard geckos
  133 orcs
  10 giant cockroaches
  8 goblins
  7 hobgoblins
  12 jackals
  7 quokkas
  6 bats
  2 frilled lizards
  A gnoll zombie (Crypt:1)
  A goblin zombie (Crypt:1)
  2 jackal skeletons
  A jackal zombie (D:5)
  14 kobolds
  An orc zombie (Crypt:3)
  2 quokka zombies
  5 rats
  A spectral orc (D:5)
  2 briar patches (Zig:24)
  10 bushes
  A fire vortex (Zig:25)
  7 fungi
  35 plants
  A starspawn tentacle (Zig:13)
  2 tentacles (Shoals:4)
  22 withered plants (Crypt:3)
3425 creatures vanquished.

Vanquished Creatures (collateral kills)
  A starcursed mass (Zig:22)
  A bone dragon (Zig:13)
  A tentacled monstrosity (Zig:12)
  Asterion (Depths:2)
  A curse skull (Zig:27)
  An ironheart preserver (Vaults:3)
  A corrupter (Zig:21)
  A deep elf annihilator (Vaults:3)
  A shadow demon (Zig:21)
  2 tengu zombies
  A shadow dragon zombie (Zig:23)
  A deep elf archer (Vaults:3)
  An iron dragon zombie (Zig:23)
  A freezing wraith (Zig:25)
  3 elf zombies
  2 mummies
20 creatures vanquished.

Vanquished Creatures (others)
  A pandemonium lord (Zig:18)
  A black sun (Zig:8)
  A hippogriff (D:15)
  An elf simulacrum (Zig:22)
  2 briar patches (Zig:24)
  38 bushes (Depths:3)
  361 fire vortices
  14 fungi
  30 plants
  3 starspawn tentacles (Zig:13)
  2 tentacles (Shoals:4)
  7 withered plants (Crypt:3)
461 creatures vanquished.

Grand Total: 3906 creatures vanquished

Notes
Turn   | Place    | Note
-------+----------+-------------------------------------------
     0 | D:1      | Azzok the Demonspawn Fire Elementalist began the quest for
                  | the Orb.
     0 | D:1      | Reached XP level 1. HP: 13/13 MP: 3/3
   242 | D:1      | Gained mutation: When hurt, damage is shared between your
                  | health and your magic reserves. [demonic ancestry]
   242 | D:1      | Reached XP level 2. HP: 18/19 MP: 5/5
   959 | D:2      | Reached XP level 3. HP: 21/24 MP: 1/6
   964 | D:2      | Learned a level 3 spell: Conjure Flame
  1390 | D:2      | Noticed Natasha
  1404 | D:2      | Killed Natasha
  1438 | D:2      | Noticed Natasha
  1563 | D:2      | Gained mutation: You have sharp toenails. [demonic
                  | ancestry]
  1563 | D:2      | Reached XP level 4. HP: 30/30 MP: 1/8
  1752 | D:2      | Killed Natasha
  1752 | D:2      | Reached skill level 3 in Spellcasting
  1873 | D:2      | Noticed Natasha
  1883 | D:2      | Killed Natasha
  2179 | D:3      | Gained mutation: You have razor-sharp toenails. [demonic
                  | ancestry]
  2179 | D:3      | Reached XP level 5. HP: 34/35 MP: 9/9
  3044 | D:4      | Reached XP level 6. HP: 41/41 MP: 8/11
  3798 | D:4      | Reached skill level 4 in Spellcasting
  4032 | D:4      | Reached XP level 7. HP: 41/46 MP: 6/13
  4294 | D:4      | Noticed Menkaure
  4300 | D:4      | Killed Menkaure
  4300 | D:4      | Reached skill level 5 in Fire Magic
  4328 | D:4      | Learned a level 4 spell: Sticky Flame
  4334 | D:4      | Learned a level 5 spell: Fireball
  4825 | D:4      | Reached skill level 5 in Conjurations
  4936 | D:5      | Entered Level 5 of the Dungeon
  4949 | D:4      | Reached skill level 5 in Spellcasting
  5142 | D:4      | Gained mutation: You have claws for feet. [demonic
                  | ancestry]
  5142 | D:4      | Reached XP level 8. HP: 50/52 MP: 7/15
  5438 | D:5      | Noticed Edmund
  5462 | D:5      | Killed Edmund
  5913 | D:5      | Noticed Dowan
  5915 | D:5      | Noticed Duvessa
  5915 | D:5      | Noticed Blork the orc
  5944 | D:4      | Killed Blork the orc
  5944 | D:4      | Reached skill level 6 in Spellcasting
  6108 | D:5      | Found a basalt altar of Yredelemnul.
  6181 | D:5      | Found a runed door.
  6330 | D:5      | Killed Dowan
  6337 | D:5      | Killed Duvessa
  6534 | D:5      | Noticed Crazy Yiuf
  6542 | D:5      | Killed Crazy Yiuf
  6714 | D:6      | Found a staircase to the Ecumenical Temple.
  6734 | Temple   | Entered the Ecumenical Temple
  6842 | Temple   | Became a worshipper of Vehumet
  7418 | D:6      | Reached XP level 9. HP: 57/57 MP: 13/18
  7979 | D:7      | Found Rofasuti's Food Emporium.
  8022 | D:7      | HP: 2/57 [wraith (11)]
  8025 | D:7      | Gained mutation: You are somewhat resistant to further
                  | mutation. [potion of mutation]
  8025 | D:7      | Gained mutation: You have a pair of small antennae on your
                  | head. [potion of mutation]
  8167 | D:7      | Found the ring of Shadows {Umbra +Inv Stlth+}
  8224 | D:7      | Reached skill level 7 in Spellcasting
  8273 | D:7      | Reached * piety under Vehumet
  8273 | D:7      | Offered knowledge of Sandblast by Vehumet.
  8811 | D:7      | Found the +5 scythe "Finisher" {speed, Str+3}
  9425 | D:7      | Gained mutation: When seriously injured, your bleeding
                  | wounds create armour. (AC +12) [demonic ancestry]
  9425 | D:7      | Reached XP level 10. HP: 24/63 MP: 2/21
  9723 | D:8      | Reached skill level 8 in Spellcasting
 10136 | D:8      | Offered knowledge of Sting by Vehumet.
 10182 | D:8      | Reached ** piety under Vehumet
 11272 | D:9      | Found a staircase to the Lair.
 11314 | D:9      | Offered knowledge of Ignite Poison by Vehumet.
 11407 | D:9      | Noticed a fire dragon
 11939 | Lair:1   | Entered Level 1 of the Lair of Beasts
 12007 | Lair:1   | Noticed Erica
 12024 | Lair:1   | Killed Erica
 12024 | Lair:1   | Reached *** piety under Vehumet
 12024 | Lair:1   | Reached skill level 9 in Spellcasting
 12487 | Lair:1   | Gained mutation: You resist negative energy. (rN+) [demonic
                  | ancestry]
 12487 | Lair:1   | Reached XP level 11. HP: 68/68 MP: 21/24
 12691 | Lair:1   | Found a runed door.
 12694 | Lair:1   | Noticed Bywa Foss's ghost (journeyman MiFi)
 12745 | Lair:1   | Noticed Urug
 12751 | Lair:1   | Noticed Urug
 12751 | Lair:1   | Urug changed into Urug the water nymph
 12754 | Lair:1   | Killed Urug the water nymph
 12754 | Lair:1   | Reached skill level 10 in Conjurations
 13513 | Lair:2   | Found a staircase to the Snake Pit.
 13546 | Lair:2   | Offered knowledge of Airstrike by Vehumet.
 13754 | Lair:2   | Reached skill level 10 in Fire Magic
 14184 | Lair:2   | Reached skill level 10 in Spellcasting
 14407 | Lair:2   | Found a radiant altar of Vehumet.
 15103 | Lair:3   | Found a staircase to the Shoals.
 15820 | Lair:3   | Gained mutation: You sometimes gain a little power by
                  | taking damage. [demonic ancestry]
 15820 | Lair:3   | Reached XP level 12. HP: 73/74 MP: 26/26
 16149 | Lair:4   | Noticed Sonja
 16150 | Lair:4   | Noticed a six-headed hydra
 16151 | Lair:4   | Reached **** piety under Vehumet
 16378 | Lair:4   | Killed Sonja
 16556 | Lair:4   | Killed a six-headed hydra
 16558 | Lair:4   | Offered knowledge of Bolt of Magma by Vehumet.
 16570 | Lair:4   | Learned a level 5 spell: Bolt of Magma
 16584 | Lair:4   | Reached skill level 11 in Spellcasting
 16746 | Lair:4   | Noticed Nessos
 16756 | Lair:4   | Killed Nessos
 17192 | Lair:4   | Noticed Kirke
 17197 | Lair:4   | Killed Kirke
 17908 | Lair:5   | Noticed a seven-headed hydra
 17915 | Lair:5   | Killed a seven-headed hydra
 17916 | Lair:5   | Found a staircase to the Slime Pits.
 18100 | Lair:5   | Found the +0 pair of fencer's gloves {+Riposte Dex+3}
 18683 | Lair:5   | Reached skill level 1 in Earth Magic
 18685 | Lair:5   | Reached skill level 1 in Shields
 18966 | Lair:6   | Entered Level 6 of the Lair of Beasts
 18966 | Lair:6   | Noticed a five-headed hydra
 19215 | Lair:6   | Gained mutation: You sometimes gain power by taking damage.
                  | [demonic ancestry]
 19215 | Lair:6   | Reached XP level 13. HP: 78/79 MP: 27/28
 20598 | Lair:6   | Reached skill level 12 in Spellcasting
 20625 | Lair:6   | Noticed a dire elephant
 20625 | Lair:6   | Noticed a dire elephant
 20634 | Lair:6   | Noticed a dire elephant
 20634 | Lair:6   | Noticed a dire elephant
 20641 | Lair:6   | Killed a dire elephant
 20917 | Lair:6   | Killed a dire elephant
 21018 | Lair:6   | Got a jewelled cloak
 21020 | Lair:6   | Got a pitted leather armour
 21021 | Lair:6   | Identified the +0 cloak of a sewer {rF+ MP+9 Stlth-} (You
                  | found it on level 6 of the Lair of Beasts)
 21034 | Lair:6   | Identified the +3 leather armour of Philately {rPois} (You
                  | found it on level 6 of the Lair of Beasts)
 21567 | D:9      | Found a stormy altar of Qazlal.
 21567 | D:9      | Found a snail-covered altar of Cheibriados.
 21568 | D:9      | Found a blossoming altar of Fedhas.
 21655 | D:9      | Reached ***** piety under Vehumet
 21659 | D:9      | Offered knowledge of Iskenderun's Mystic Blast by Vehumet.
 22122 | D:10     | Entered Level 10 of the Dungeon
 23184 | D:10     | Found a staircase to the Orcish Mines.
 23385 | Orc:1    | Entered Level 1 of the Orcish Mines
 24369 | Orc:1    | Gained mutation: When seriously injured, your bleeding
                  | wounds create thick armour. (AC +12) [demonic ancestry]
 24369 | Orc:1    | Reached XP level 14. HP: 67/85 MP: 8/30
 24369 | Orc:1    | Offered knowledge of Freezing Cloud by Vehumet.
 24372 | Orc:1    | Reached skill level 5 in Earth Magic
 25100 | Orc:1    | Noticed a stone giant
 25478 | Orc:1    | Killed a stone giant
 25505 | Orc:1    | Identified the +3 hand crossbow of Reinforcement {penet,
                  | Int+3}
 25678 | Orc:1    | Found the +10 dark maul {crush}
 25692 | Orc:1    | Got a faintly glowing long sword
 25693 | Orc:1    | Identified the +0 long sword "Kygiz" {vamp, rN+ MR+ Str+3}
                  | (You found it on level 1 of the Orcish Mines)
 25697 | Orc:1    | Got a scorched scythe
 25789 | Orc:2    | Entered Level 2 of the Orcish Mines
 26400 | Orc:2    | Found a staircase to the Elven Halls.
 26990 | Orc:2    | Reached skill level 13 in Spellcasting
 27485 | Orc:2    | Offered knowledge of Bolt of Cold by Vehumet.
 27746 | Orc:2    | Found Lyse's Gadget Shoppe.
 27754 | Orc:2    | Found Zadus's Distillery.
 27759 | Orc:2    | Bought a potion of degeneration for 10 gold pieces
 27760 | Orc:2    | Found Koluev's Gadget Shop.
 27762 | Orc:2    | Found Wiom's Antique Armour Shoppe.
 27770 | Orc:2    | Bought a glowing buckler for 157 gold pieces
 27793 | Orc:2    | Bought a potion of resistance for 100 gold pieces
 27793 | Orc:2    | Bought a potion of might for 40 gold pieces
 27793 | Orc:2    | Bought a potion of heal wounds for 50 gold pieces
 27793 | Orc:2    | Bought a potion of heal wounds for 50 gold pieces
 27793 | Orc:2    | Bought a potion of heal wounds for 50 gold pieces
 27793 | Orc:2    | Bought a potion of heal wounds for 50 gold pieces
 29864 | D:13     | Reached ****** piety under Vehumet
 29902 | D:13     | Noticed a stone giant
 29906 | D:13     | Killed a stone giant
 29907 | D:13     | Offered knowledge of Orb of Destruction by Vehumet.
 29911 | D:13     | Gained mutation: When seriously injured, your bleeding
                  | wounds create very thick armour. (AC +12) [demonic
                  | ancestry]
 29911 | D:13     | Reached XP level 15. HP: 90/90 MP: 26/32
 30731 | D:13     | Found a blossoming altar of Fedhas.
 30827 | D:13     | Found a gate to the Vaults.
 30838 | D:13     | Learned a level 7 spell: Orb of Destruction
 31885 | D:14     | Found Meogito's Weapon Boutique.
 32225 | D:14     | Noticed Agnes
 32231 | D:14     | Killed Agnes
 32805 | D:15     | Entered Level 15 of the Dungeon
 32911 | D:15     | Offered knowledge of Spellforged Servitor by Vehumet.
 33018 | D:15     | Learned a level 7 spell: Spellforged Servitor
 33108 | D:15     | Found a staircase to the Depths.
 33343 | D:15     | Reached skill level 1 in Summonings
 33558 | D:15     | Reached skill level 14 in Spellcasting
 33984 | D:15     | Reached skill level 15 in Conjurations
 34390 | D:15     | Found a portal to a secret trove of treasure.
 35304 | Snake:1  | Entered Level 1 of the Snake Pit
 35375 | Snake:1  | Found Agunawel's Antique Weapon Shoppe.
 35724 | Snake:1  | Reached XP level 16. HP: 76/96 MP: 25/34
 36769 | Snake:2  | Found a runed gate.
 37318 | Snake:2  | Found a runed gate.
 37319 | Snake:2  | Found an opulent altar of Gozag.
 37320 | Snake:2  | Found a runed gate.
 37320 | Snake:2  | Noticed Xeqiywny's ghost (journeyman FeAr)
 37423 | Snake:2  | Offered knowledge of Conjure Ball Lightning by Vehumet.
 38646 | Snake:2  | Found Karhoss's Assorted Antiques.
 38972 | Snake:3  | Reached skill level 5 in Summonings
 39040 | Snake:3  | Noticed Louise
 39051 | Snake:3  | Killed Louise
 40693 | Snake:4  | Entered Level 4 of the Snake Pit
 40899 | Snake:4  | Reached skill level 10 in Earth Magic
 42104 | Snake:4  | Reached XP level 17. HP: 72/101 MP: 28/35
 42275 | Snake:4  | Reached skill level 15 in Fire Magic
 42629 | Snake:4  | Offered knowledge of Ozocubu's Refrigeration by Vehumet.
 42832 | Snake:4  | Reached skill level 15 in Spellcasting
 43767 | Snake:4  | Got a serpentine rune of Zot
 44167 | Shoals:1 | Entered Level 1 of the Shoals
 46641 | Shoals:2 | Found Basches's Magic Scroll Boutique.
 46649 | Shoals:2 | Bought a scroll of teleportation for 54 gold pieces
 46649 | Shoals:2 | Bought a scroll of teleportation for 54 gold pieces
 46649 | Shoals:2 | Bought a scroll of blinking for 135 gold pieces
 46649 | Shoals:2 | Bought a scroll of fear for 63 gold pieces
 46649 | Shoals:2 | Bought a scroll of identify for 36 gold pieces
 46649 | Shoals:2 | Bought a scroll of teleportation for 54 gold pieces
 46649 | Shoals:2 | Bought a scroll of identify for 36 gold pieces
 46649 | Shoals:2 | Bought a scroll of magic mapping for 63 gold pieces
 46649 | Shoals:2 | Bought a scroll of fog for 36 gold pieces
 46683 | Shoals:2 | Offered knowledge of Glaciate by Vehumet.
 46683 | Shoals:2 | Offered knowledge of Shatter by Vehumet.
 46683 | Shoals:2 | Offered knowledge of Ignition by Vehumet.
 46759 | Shoals:2 | Learned a level 8 spell: Ignition
 47667 | Shoals:3 | Gained mutation: You regenerate magic rapidly. [demonic
                  | ancestry]
 47667 | Shoals:3 | Reached XP level 18. HP: 107/107 MP: 37/37
 48164 | Shoals:4 | Entered Level 4 of the Shoals
 48164 | Shoals:4 | Found Witzom's Distillery.
 48499 | Shoals:4 | Bought a potion of mutation for 136 gold pieces
 48499 | Shoals:4 | Bought a potion of heal wounds for 85 gold pieces
 48499 | Shoals:4 | Bought a potion of heal wounds for 85 gold pieces
 48499 | Shoals:4 | Bought a potion of brilliance for 68 gold pieces
 48499 | Shoals:4 | Bought a potion of haste for 170 gold pieces
 48499 | Shoals:4 | Bought 2 potions of cancellation for 272 gold pieces
 48882 | Shoals:4 | Identified a scroll of acquirement
 48892 | Shoals:4 | Got a fine amethyst amulet
 48893 | Shoals:4 | Identified the amulet of Usmeoc {Gourm Str+6} (You acquired
                  | it on level 4 of the Shoals)
 49483 | Shoals:4 | Got a barnacled rune of Zot
 50016 | Vaults:1 | Entered Level 1 of the Vaults
 50045 | Vaults:1 | Found Ulid's Gadget Shoppe.
 50169 | Vaults:1 | Reached skill level 16 in Spellcasting
 52133 | Vaults:2 | Noticed Margery
 52854 | Vaults:2 | Reached XP level 19. HP: 112/112 MP: 39/39
 53727 | Vaults:2 | Found a staircase to the Crypt.
 53727 | Vaults:2 | Found a basalt altar of Yredelemnul.
 53728 | Vaults:2 | Found an ancient bone altar of Kikubaaqudgha.
 53879 | Vaults:2 | Killed Margery
 54299 | Vaults:2 | Found a radiant altar of Vehumet.
 54299 | Vaults:2 | Noticed a lich
 54303 | Vaults:2 | Killed a lich
 54582 | Vaults:2 | Identified the +6 trident "Tesitze" {pierce, rN+ SInv}
 54737 | Vaults:3 | Reached skill level 17 in Spellcasting
 54836 | Vaults:3 | Found an iron altar of Okawaru.
 54894 | Vaults:3 | Found a roughly hewn altar of Beogh.
 54989 | Vaults:3 | Found Giel's Jewellery Boutique.
 54997 | Vaults:3 | Bought a cursed amulet of inaccuracy for 26 gold pieces
 55015 | Vaults:3 | Got a heavily runed ruby amulet
 55016 | Vaults:3 | Identified the amulet "Veanoasm" {Acrobat rN+ Stlth+} (You
                  | found it on level 3 of the Vaults)
 56377 | Vaults:3 | Bought a cursed ring of attention for 58 gold pieces
 56378 | Vaults:3 | Bought an uncursed amulet of magic regeneration for 390
                  | gold pieces
 56541 | Vaults:4 | Found Olohischonic's Food Emporium.
 56543 | Vaults:4 | Found Nuhinlaox's Jewellery Emporium.
 56594 | Vaults:4 | Bought a cursed ring of teleportation for 85 gold pieces
 56680 | Vaults:4 | Reached XP level 20. HP: 104/118 MP: 41/41
 56764 | Vaults:4 | Noticed Frederick
 56769 | Vaults:4 | Killed Frederick
 56853 | Vaults:4 | Noticed Jory
 56859 | Vaults:4 | Killed Jory
 57297 | Vaults:4 | Found Paschuass's Distillery.
 57359 | Vaults:4 | Bought a potion of haste for 170 gold pieces
 57359 | Vaults:4 | Bought 3 potions of curing for 153 gold pieces
 57359 | Vaults:4 | Bought a potion of magic for 136 gold pieces
 57359 | Vaults:4 | Bought a potion of haste for 170 gold pieces
 57376 | Vaults:4 | Noticed Saint Roka
 57383 | Vaults:4 | Killed Saint Roka
 57596 | Vaults:4 | Paralysed by a great orb of eyes for 7 turns
 57615 | Vaults:4 | Found Qusu Zim's Distillery.
 57619 | Vaults:4 | Bought a potion of brilliance for 44 gold pieces
 57619 | Vaults:4 | Bought a potion of heal wounds for 55 gold pieces
 57619 | Vaults:4 | Bought 2 potions of mutation for 176 gold pieces
 57620 | Vaults:4 | Found Keyqa's Food Boutique.
 57835 | Vaults:4 | Learned a level 6 spell: Iron Shot
 58073 | Depths:1 | Entered Level 1 of the Depths
 58075 | Depths:1 | Found a gateway to Hell.
 58455 | Depths:1 | Reached skill level 18 in Spellcasting
 58704 | Depths:1 | Found a one-way gate leading to the halls of Pandemonium.
 58806 | Depths:1 | Reached skill level 15 in Earth Magic
 58844 | Depths:1 | Noticed a caustic shrike
 58852 | Depths:1 | Found Vesien's Distillery.
 59564 | Depths:1 | Killed a caustic shrike
 59564 | Depths:1 | Reached XP level 21. HP: 68/123 MP: 38/43
 61056 | D:15     | You paid a toll of +3 fire dragon scales to enter a
                  | treasure trove
 61057 | Trove    | Entered a treasure trove
 61061 | Trove    | Found the +3 pair of gauntlets of War {Slay+5}
 61091 | Trove    | Got a faintly humming hat
 61093 | Trove    | Got a steaming cloak
 61095 | Trove    | Got a pair of brightly glowing gloves
 61096 | Trove    | Identified the +0 hat "Leaskoj" {*Corrode rElec rF+ Dex+2}
                  | (You found it in a treasure trove)
 61097 | Trove    | Identified the +0 pair of gloves of the Skies Above {rPois
                  | Stlth+} (You found it in a treasure trove)
 61098 | Trove    | Identified the +0 cloak of the Iron City of Dis {rCorr
                  | Int+5} (You found it in a treasure trove)
 61496 | Depths:2 | Identified the +8 hand axe "Tewadi" {antimagic, Int+4}
 62263 | Depths:3 | Reached skill level 19 in Spellcasting
 62337 | Depths:2 | Noticed an ancient lich
 62342 | Depths:2 | Killed an ancient lich
 62598 | Depths:3 | Noticed Mennas
 62605 | Depths:3 | Killed Mennas
 62949 | Depths:2 | Identified the +2 leather armour "Bucsauvo" {rPois MR+
                  | Stlth+}
 62949 | Depths:2 | Noticed Asterion
 62956 | Depths:2 | Killed Asterion
 63134 | Depths:3 | Gained mutation: You are somewhat able to resist unholy
                  | torments (1 in 2 success). [demonic ancestry]
 63134 | Depths:3 | Reached XP level 22. HP: 129/129 MP: 45/45
 63530 | Depths:3 | Noticed a golden dragon
 63535 | Depths:3 | Killed a golden dragon
 63956 | Depths:4 | Noticed Boris
 63961 | Depths:4 | Killed Boris
 64755 | Depths:4 | Noticed a caustic shrike
 65166 | Depths:4 | Killed a caustic shrike
 65947 | Depths:4 | Found a gateway to a ziggurat.
 66125 | Depths:4 | Found a one-way gate to the infinite horrors of the Abyss.
 66183 | Depths:5 | Entered Level 5 of the Depths
 66508 | Depths:5 | Reached skill level 20 in Spellcasting
 66943 | Depths:5 | Got a scorched pewter ring
 66944 | Depths:5 | Identified the ring of Qefahu {+Blink Str+2 Dex+4} (You
                  | acquired it on level 5 of the Depths)
 67044 | Depths:5 | Gained mutation: You are powered by pain. [demonic
                  | ancestry]
 67044 | Depths:5 | Reached XP level 23. HP: 101/134 MP: 42/47
 67050 | Depths:5 | Paralysed by a vampire knight for 5 turns
 67329 | Depths:5 | Found Osuv Dufo's Jewellery Shop.
 67329 | Depths:5 | Found Rudinkur's Gadget Emporium.
 67330 | Depths:5 | Found Qetihest's Jewellery Shop.
 67335 | Depths:5 | Bought the ring "Imuqacer" {rF+ rC+ MR+} for 490 gold
                  | pieces
 67335 | Depths:5 | Bought a cursed -3 ring of protection for 22 gold pieces
 67340 | Depths:5 | Bought the ring of Zinkirph {Fire rElec rPois Dex+3 Slay+2}
                  | for 1042 gold pieces
 67588 | Depths:5 | Found a gate to the Realm of Zot.
 68130 | Vaults:4 | Learned a level 9 spell: Shatter
 68132 | Vaults:5 | Entered Level 5 of the Vaults
 68823 | Vaults:5 | Noticed an ancient lich
 68828 | Vaults:5 | Killed an ancient lich
 69232 | Vaults:5 | Got a silver rune of Zot
 69465 | Vaults:5 | Reached skill level 21 in Spellcasting
 69606 | Vaults:5 | Identified the Handbook of Evil Beguiling
 69614 | Vaults:5 | Learned a level 5 spell: Borgnjor's Vile Clutch
 69697 | Vaults:5 | Reached XP level 24. HP: 124/140 MP: 48/48
 69891 | Vaults:5 | Found Bualeulu's General Store.
 69898 | Vaults:5 | Bought a potion of heal wounds for 55 gold pieces
 70045 | Vaults:5 | Identified Tikom's Papyrus of Curses and Weightlessness
 70660 | Crypt:1  | Entered Level 1 of the Crypt
 70979 | Crypt:1  | Noticed Mara
 70985 | Crypt:1  | Killed Mara
 71352 | Crypt:1  | Noticed Boris
 71355 | Crypt:1  | Killed Boris
 71464 | Crypt:1  | Noticed Bai Suzhen
 71480 | Crypt:1  | Killed Bai Suzhen
 71975 | Crypt:2  | Found a runed door.
 71975 | Crypt:2  | Found a shimmering altar of Xom.
 71975 | Crypt:2  | Noticed Funu's ghost (adept GrFi)
 72568 | Crypt:3  | Entered Level 3 of the Crypt
 73125 | Crypt:3  | Noticed a greater mummy
 73130 | Crypt:3  | Killed a greater mummy
 73233 | Crypt:3  | Found a staircase to the Tomb.
 73616 | Crypt:3  | Found a basalt altar of Yredelemnul.
 74372 | Crypt:3  | Gained mutation: Your melee attacks may debilitate your
                  | foes. [demonic ancestry]
 74372 | Crypt:3  | Reached XP level 25. HP: 142/145 MP: 14/48
 74492 | Crypt:3  | Identified Kikubaaqudgha's Compendium of Dark Arts
 75039 | Elf:1    | Entered Level 1 of the Elven Halls
 75331 | Elf:1    | Found Naefoz's Food Emporium.
 75782 | Elf:1    | Reached skill level 22 in Spellcasting
 76042 | Elf:2    | Found a roughly hewn altar of Beogh.
 76135 | Elf:2    | Found a runed gate.
 76135 | Elf:2    | Found a runed gate.
 76135 | Elf:2    | Found a runed gate.
 76409 | Elf:2    | Found Teischu's Antique Weapon Shoppe.
 76479 | Elf:2    | Learned a level 6 spell: Deflect Missiles
 76508 | Elf:2    | Reached skill level 1 in Necromancy
 76523 | Elf:2    | Reached skill level 1 in Air Magic
 76966 | Elf:3    | Entered Level 3 of the Elven Halls
 77115 | Elf:3    | Identified the +4 falchion "Hydraslayer" {speed, rElec rC++
                  | MP-9 Dex+3}
 77155 | Elf:3    | Identified the amulet of Qiletug {Acrobat MR+}
 77175 | Elf:3    | Reached skill level 5 in Necromancy
 77199 | Elf:3    | Noticed Donald
 77203 | Elf:3    | Killed Donald
 77714 | Elf:3    | Found the +10 Black Knight's horse barding {ponderous,
                  | rPois rN+}
 77720 | Elf:3    | Got a sparkling copper amulet
 77721 | Elf:3    | Identified the amulet of Eternal Harmony {Inacc Dex+7} (You
                  | found it on level 3 of the Elven Halls)
 78178 | Slime:1  | Entered Level 1 of the Pits of Slime
 78190 | Slime:1  | Reached XP level 26. HP: 151/151 MP: 41/49
 78193 | Slime:1  | Reached skill level 5 in Air Magic
 78388 | Slime:5  | Entered Level 5 of the Pits of Slime
 78521 | Slime:5  | Gained mutation: You are occasionally teleported next to
                  | monsters. [a shining eye]
 78533 | Slime:5  | Noticed the Royal Jelly
 78536 | Slime:5  | Killed the Royal Jelly
 78581 | Slime:5  | Identified the Almanac of Unholy Rituals
 78604 | Slime:5  | Found the +27 Lear's hauberk
 78612 | Slime:5  | Got a slimy rune of Zot
 78819 | Lair:5   | Lost mutation: You have a pair of small antennae on your
                  | head. [potion of mutation]
 78819 | Lair:5   | Lost mutation: You are somewhat resistant to further
                  | mutation. [potion of mutation]
 78819 | Lair:5   | Gained mutation: You are frail. (-10% HP) [potion of
                  | mutation]
 78819 | Lair:5   | Gained mutation: Your spells are a little harder to cast,
                  | but a little more powerful. [potion of mutation]
 78820 | Lair:5   | Lost mutation: You are frail. (-10% HP) [potion of
                  | mutation]
 78820 | Lair:5   | Lost mutation: You are occasionally teleported next to
                  | monsters. [potion of mutation]
 78820 | Lair:5   | Gained mutation: Your flesh is heat resistant. (rF+)
                  | [potion of mutation]
 78820 | Lair:5   | Gained mutation: You are somewhat resistant to further
                  | mutation. [potion of mutation]
 79217 | Zig:1    | Entered Level 1 of a ziggurat
 79255 | Zig:1    | Learned a level 3 spell: Regeneration
 79258 | Zig:1    | Learned a level 2 spell: Blink
 79260 | Zig:2    | Entered Level 2 of a ziggurat
 79287 | Zig:3    | Entered Level 3 of a ziggurat
 79333 | Zig:3    | Reached skill level 5 in Evocations
 79333 | Zig:3    | Gained mutation: When low on magic, you restore magic in
                  | place of health. [demonic ancestry]
 79333 | Zig:3    | Reached XP level 27. HP: 156/156 MP: 49/49
 79337 | Zig:4    | Entered Level 4 of a ziggurat
 79350 | Zig:4    | Got a twitching steel ring
 79351 | Zig:4    | Identified the ring of Epauntaq {rN+ SInv} (You found it on
                  | level 4 of a ziggurat)
 79374 | Zig:5    | Entered Level 5 of a ziggurat
 79426 | Zig:5    | Learned a level 9 spell: Fire Storm
 79433 | Zig:6    | Entered Level 6 of a ziggurat
 79461 | Zig:7    | Entered Level 7 of a ziggurat
 79485 | Zig:7    | Identified the Incunabulum of the Lucky Arsonist
 79495 | Zig:8    | Entered Level 8 of a ziggurat
 79500 | Zig:8    | Noticed Ompuoliu the pandemonium lord
 79502 | Zig:8    | Killed Ompuoliu the pandemonium lord
 79536 | Zig:8    | Identified the Reference Book on the Lucky Compass
 79559 | Zig:9    | Entered Level 9 of a ziggurat
 79582 | Zig:9    | Identified Lalas's Catalogue of Dark Changing
 79613 | Zig:10   | Entered Level 10 of a ziggurat
 79645 | Zig:10   | Identified the cursed +0 helmet "Wiockit" {MR+ Int+3} (You
                  | found it on level 10 of a ziggurat)
 79675 | Zig:10   | Reached skill level 5 in Fighting
 79688 | Zig:11   | Entered Level 11 of a ziggurat
 79698 | Zig:11   | Reached skill level 10 in Necromancy
 79734 | Zig:12   | Entered Level 12 of a ziggurat
 79812 | Zig:12   | Identified the cursed +0 cloak of Tutel {+Blink rElec
                  | Int+4} (You found it on level 12 of a ziggurat)
 79829 | Zig:13   | Entered Level 13 of a ziggurat
 79873 | Zig:13   | Identified the ring "Depaetz" {rPois rF+ MR+ Int-4 Stlth+}
                  | (You found it on level 13 of a ziggurat)
 79878 | Zig:13   | Identified the ring "Hofel" {Wiz +Blink} (You found it on
                  | level 13 of a ziggurat)
 79903 | Zig:14   | Entered Level 14 of a ziggurat
 79951 | Zig:14   | Identified the Tome of Fetching Air
 79960 | Zig:15   | Entered Level 15 of a ziggurat
 79977 | Zig:15   | Found the +9 scales of the Dragon King {rPois rF+ rC+ MR+}
 80045 | Zig:15   | Identified the Papyrus of Dark Transmutation
 80051 | Zig:15   | Identified the Collected Works on the Rocks
 80071 | Zig:16   | Entered Level 16 of a ziggurat
 80085 | Zig:16   | Reached skill level 23 in Spellcasting
 80087 | Zig:16   | Reached skill level 10 in Evocations
 80098 | Zig:16   | Identified the Reference Book on Assistive Bewitchment
 80119 | Zig:17   | Entered Level 17 of a ziggurat
 80166 | Zig:17   | Identified the Grimoire of Gliding Poisoning
 80189 | Zig:17   | Identified the cursed +0 pair of gloves of Inaction
                  | {Regen+} (You found it on level 17 of a ziggurat)
 80203 | Zig:17   | Identified the ring of the Ego {Str+6 Int-3 Slay+2 SInv
                  | Stlth-} (You found it on level 17 of a ziggurat)
 80207 | Zig:18   | Entered Level 18 of a ziggurat
 80215 | Zig:18   | Noticed Bigoide Gyaf the pandemonium lord
 80218 | Zig:18   | Killed Udanakex the pandemonium lord
 80218 | Zig:18   | Noticed Denytte Etsi the pandemonium lord
 80219 | Zig:18   | Killed Bigoide Gyaf the pandemonium lord
 80221 | Zig:18   | Noticed Quwuhas the pandemonium lord
 80222 | Zig:18   | Reached skill level 10 in Air Magic
 80223 | Zig:18   | Noticed Sagguruq the pandemonium lord
 80223 | Zig:18   | Noticed Fidynacu the pandemonium lord
 80224 | Zig:18   | Killed Quwuhas the pandemonium lord
 80227 | Zig:18   | Noticed Tafighowk the pandemonium lord
 80228 | Zig:18   | Killed Denytte Etsi the pandemonium lord
 80229 | Zig:18   | Killed Tafighowk the pandemonium lord
 80229 | Zig:18   | Killed Fidynacu the pandemonium lord
 80236 | Zig:18   | Killed Sagguruq the pandemonium lord
 80321 | Zig:18   | Reached skill level 10 in Fighting
 80342 | Zig:19   | Entered Level 19 of a ziggurat
 80353 | Zig:19   | Noticed an ancient lich
 80355 | Zig:19   | Killed an ancient lich
 80355 | Zig:19   | Reached skill level 24 in Spellcasting
 80356 | Zig:19   | Noticed an ancient lich
 80358 | Zig:19   | Noticed an ancient lich
 80359 | Zig:19   | Killed an ancient lich
 80361 | Zig:19   | Killed an ancient lich
 80400 | Zig:19   | Got a translucent diamond amulet
 80401 | Zig:19   | Identified the amulet "Zuzxur" {Inacc +Blink rF+} (You
                  | found it on level 19 of a ziggurat)
 80420 | Zig:19   | Got a clouded golden ring
 80421 | Zig:19   | Identified the ring of the Illusory Gods {-Tele rF- rN++
                  | Slay+5 Stlth-} (You found it on level 19 of a ziggurat)
 80430 | Zig:20   | Entered Level 20 of a ziggurat
 80439 | Zig:20   | Reached skill level 1 in Armour
 80536 | Zig:21   | Entered Level 21 of a ziggurat
 80549 | Zig:21   | Reached skill level 5 in Armour
 80550 | Zig:21   | Noticed Ose Sed the pandemonium lord
 80554 | Zig:21   | Killed Ose Sed the pandemonium lord
 80560 | Zig:21   | Reached skill level 15 in Necromancy
 80634 | Zig:21   | Found the +3 Elemental Staff {rElec rF++ rC++ MR++ AC+5}
 80638 | Zig:21   | Identified the Volume of the Owl
 80656 | Zig:21   | Identified the Reference Book on Dislocated Transmigration
 80677 | Zig:22   | Entered Level 22 of a ziggurat
 80741 | Zig:22   | Identified the amulet of Jireocon {Gourm -Tele Str+8 SInv
                  | Stlth+} (You found it on level 22 of a ziggurat)
 80759 | Zig:22   | Identified the Almanac of Moulding
 80766 | Zig:23   | Entered Level 23 of a ziggurat
 80791 | Zig:23   | Reached skill level 10 in Armour
 80808 | Zig:23   | Identified the Reference Book on the Mountains and Arcane
                  | Weapons
 80815 | Zig:23   | Identified the ring "Enaostr Rieki" {Ice MR+++ Int-4
                  | Slay+5} (You found it on level 23 of a ziggurat)
 80845 | Zig:23   | Identified the Papyrus of Creative Curses
 80862 | Zig:24   | Entered Level 24 of a ziggurat
 80920 | Zig:24   | Identified the Volume of Earth and Unholy Secrets
 80922 | Zig:24   | Identified the Volume of Glacial Hexes
 80936 | Zig:24   | Got a scorched granite ring
 80937 | Zig:24   | Identified the ring of Quelisuj {Int+3 Slay+1 Stlth+} (You
                  | found it on level 24 of a ziggurat)
 80944 | Zig:25   | Entered Level 25 of a ziggurat
 80956 | Zig:25   | Noticed an ancient lich
 80965 | Zig:25   | Reached skill level 15 in Evocations
 80967 | Zig:25   | Killed an ancient lich
 80970 | Zig:25   | Noticed an ancient lich
 80971 | Zig:25   | Killed an ancient lich
 80972 | Zig:25   | Noticed an ancient lich
 80973 | Zig:25   | Noticed an ancient lich
 80973 | Zig:25   | Killed an ancient lich
 80973 | Zig:25   | Noticed an ancient lich
 80974 | Zig:25   | Killed an ancient lich
 80975 | Zig:25   | Killed an ancient lich
 80976 | Zig:25   | Killed an ancient lich
 81001 | Zig:25   | Found the +8 trident of the Octopus King {venom, rElec
                  | rPois MR+}
 81031 | Zig:26   | Entered Level 26 of a ziggurat
 81054 | Zig:26   | Reached skill level 5 in Shields
 81089 | Zig:26   | Got a crude iron ring
 81090 | Zig:26   | Identified the ring of Caqakh Hucru {rN+ MP+9} (You found
                  | it on level 26 of a ziggurat)
 81117 | Zig:26   | Got a crude steel ring
 81118 | Zig:26   | Identified the ring "Mooritud" {rPois rF+ MP+9 Str-2} (You
                  | found it on level 26 of a ziggurat)
 81157 | Zig:27   | Entered Level 27 of a ziggurat
 81167 | Zig:27   | Reached skill level 15 in Fighting
 81171 | Zig:27   | Noticed an ancient lich
 81174 | Zig:27   | Killed an ancient lich
 81174 | Zig:27   | Reached skill level 5 in Dodging
 81177 | Zig:27   | Noticed an ancient lich
 81180 | Zig:27   | Killed an ancient lich
 81201 | Zig:27   | Found the macabre finger necklace {rN+}
 81213 | Zig:27   | Got a brightly glowing brass ring
 81214 | Zig:27   | Identified the ring "Zacemur" {MR+ SInv} (You found it on
                  | level 27 of a ziggurat)
 81219 | Zig:27   | Got an encrusted plate armour
 81227 | Zig:27   | Got a pitted pewter ring
 81228 | Zig:27   | Identified the ring of Xuigamur {rElec Int+4} (You found it
                  | on level 27 of a ziggurat)
 81239 | Zig:27   | Identified the Tome of Assistive Orientation
 82053 | D:15     | Learned a level 6 spell: Statue Form
 82057 | Zig:1    | Entered Level 1 of a ziggurat
 82077 | Zig:2    | Entered Level 2 of a ziggurat
 82079 | Zig:2    | Noticed Kuoqex the pandemonium lord
 82081 | Zig:2    | Killed Kuoqex the pandemonium lord
 82081 | Zig:2    | Reached skill level 1 in Throwing
 82103 | Zig:3    | Entered Level 3 of a ziggurat
 82140 | Zig:4    | Entered Level 4 of a ziggurat
 82168 | Zig:5    | Entered Level 5 of a ziggurat
 82203 | Zig:6    | Entered Level 6 of a ziggurat
 82210 | Zig:6    | Found the +8 autumn katana {slice, Clar}
 82245 | Zig:7    | Entered Level 7 of a ziggurat
 82274 | Zig:8    | Entered Level 8 of a ziggurat
 82281 | Zig:8    | Reached skill level 5 in Throwing
 82294 | Zig:8    | Got a bound iron ring
 82295 | Zig:8    | Identified the cursed ring of Pistiq {rPois rF- rN+ MR+
                  | AC-2} (You found it on level 8 of a ziggurat)
 82307 | Zig:9    | Entered Level 9 of a ziggurat
 82325 | Zig:9    | HP: 4/210 [bone dragon (10)]
 82327 | Zig:9    | HP: 1/210 [something (1)]
 82327 | Zig:9    | Mangled by a reaper

Vault maps used:
D:1:      lemuel_arrival_muddy, minivault_4, minmay_octomino_e4
D:2:      uniq_natasha
D:4:      first_ration, uniq_menkaure
D:5:      yredelemnul_forgotten_temple_becter, uniq_blork_the_orc, uniq_edmund,
          uniq_duvessa, uniq_crazy_yiuf_cottage
D:6:      temple_doors_e
D:7:      serial_glass, glass_columns_b, glass_columns_a, serial_shops,
          kennysheep_mini, minmay_guarded_unrand_finisher
D:8:      the_bakery, dk_vineyard_3, st_stairs_1
D:9:      gammafunk_temple_overflow_claw, minmay_lair_entry_lava,
          minmay_nine_imps
D:10:     orc_0_dummy, nrook_pool_corridor, kennysheep_small_spiral,
          minivault_27
D:13:     cheibrodos_monumental, erik_vaults_1, fedhas_altar_1
D:14:     serial_rivers, chequers_serial_rivers_small_b,
          chequers_serial_rivers_small_b, chequers_serial_rivers_micro_a,
          chequers_serial_rivers_room_a, chequers_serial_rivers_marsh,
          chequers_serial_rivers_micro_d, serial_shops, shop, uniq_agnes
D:15:     grunt_enter_depths_snipers, nicolae_trove_entry_path_of_doom
Temple:   dpeg_five_rooms_temple
Lair:1:   ebering_ghost_reflecting_pool, grunt_megastairs_5, uniq_erica,
          uniq_urug
Lair:2:   minmay_snake_entry_guardpost_large, basic_altar,
          infiniplex_staircase_pool, grunt_megastairs_3, lemuel_fruit_fields,
          serial_bayou_shore_a, lemuel_fruit_tree
Lair:3:   elwin_shoals_entry_rocks, chequers_serial_rivers_small_a,
          serial_bayou_lagoon_a, lemuel_fruit_fields
Lair:4:   lemuel_fruit_fields, uniq_kirke, uniq_nessos, uniq_sonja
Lair:5:   slime_dummy, grunt_megastairs_1
Lair:6:   due_jungle_book, lab_entry_generic
Shoals:2: serial_shops, shop, nicolae_shoals_drake_roost
Shoals:4: shoals_end_hangedman, serial_shops, shop
Snake:1:  serial_shops, nicolae_shop_stone
Snake:2:  ebering_ghost_gozag
Snake:3:  uniq_louise
Snake:4:  snake_pit
Orc:1:    giant_chief_lemuel
Orc:2:    st_orc_elflike, mines3_lemuel
Elf:1:    elf_arrival_002, serial_shops, nicolae_shop_statue_plus, minivault_28,
          nrook_uturn
Elf:2:    serial_shops, shop, special_room
Elf:3:    minmay_elf_hall_curves, uniq_donald
Vaults:1: nicolae_vaults_network_quincunx, vaults_room_grid,
          vaults_room_ringed_pool, grunt_vaults_swirl,
          hangedman_vaults_restitches, hangedman_vaults_capsules,
          ontoclasm_vaults_twist, v_misc_17, hangedman_vaults_maws,
          ontoclasm_vaults_decontamination, nicolae_vaults_statue_guard,
          serial_shops, shop
Vaults:2: v_alt_pattern_5, grunt_tower_of_power, minmay_crypt_entry_necro_gods,
          vaults_room_door_hall, vaults_dpeg_hooks, ontoclasm_vaults_tryst,
          nicolae_vaults_what_the_h, vaults_room_semicircle, uniq_margery
Vaults:3: v_rooms_2, hangedman_vaults_locks, nicolae_vaults_network_s,
          vaults_room_large_hall, nicolae_vaults_circle_grid_b, v_alt_pattern_1,
          v_misc_26, vaults_room_fours, ontoclasm_vaults_ligature,
          vaults_room_stairs_pillars, special_room_vaults,
          hangedman_vaults_trim, serial_shops, shop_statue, basic_altar
Vaults:4: nicolae_vaults_network_barrier, hangedman_vaults_corner_blocks,
          grunt_vaults_focal, vaults_standard_mumra_lines,
          ontoclasm_vaults_misaligned, ontoclasm_vaults_ring_large,
          vaults_dpeg_spiral, vaults_room_fours, v_misc_8, vaults_dpeg_diagonal,
          v_alt_pattern_6, serial_shops, shop_fountains, shop,
          nicolae_shop_statue_plus, nicolae_shop_window_shopping,
          nicolae_shop_stone, uniq_saint_roka, uniq_jory, uniq_frederick
Crypt:1:  weyrava_lich_vault, uniq_bai_suzhen, uniq_mara
Crypt:2:  statuecave_lemuel, ebering_ghost_xom
Crypt:3:  evilmike_haunted_forest
Depths:1: hangedman_decor_points, pan_entry, serial_shops,
          nicolae_shop_behind_doors, hangedman_coc_ice_floe,
          chequers_serial_rivers_room_a, minivault_12
Depths:2: hangedman_crystal_crosses_colossus, hell_entry, uniq_asterion
Depths:3: minmay_blocking_statues, serial_sigils,
          serial_sigils_hangedman_confine, serial_sigils_hangedman_quiver,
          serial_sigils_hangedman_quiver, serial_sigils_hangedman_quiver,
          serial_sigils_hangedman_shear, pf_hell_entry_tar_river, pan_entry,
          minmay_hedge_maze, uniq_mennas
Depths:4: hangedman_cross_cluster, enter_ziggurat_f, hell_entry, abyss_entry,
          minmay_misc_feat_more_columns, kennysheep_generic_room_16, uniq_boris
Depths:5: grunt_twist_and_shout, serial_bayou_shore_b, hell_entry, abyss_entry,
          minmay_shop_grove
Zig:7:    ziggurat_pillar_centre_c
Zig:13:   ziggurat_pillar_centre_oklobs
Zig:15:   ziggurat_pillar_centre_smoke
Zig:18:   ziggurat_pillar_centre_dead_trees
Zig:20:   ziggurat_pillar_centre_more_plants
Zig:25:   ziggurat_pillar_centre_drop
Trove:    trove_armour_2

Skill      XL: |  1  2  3  4  5  6  7  8  9 10 11 12 13 14 15 16 17 18 19 20 21 22 23 24 25 26 27 |
---------------+----------------------------------------------------------------------------------+-----
Fire Magic     | 3 4 5 6 8 9 10 11 12 13 14 15 16 17 18 19 20 21 23 | 23.2
Conjurations   | 2 3 4 5 6 8 9 11 12 13 14 15 16 17 18 19 20 22 | 22.0
Spellcasting   | 3 4 5 6 7 9 10 11 12 13 14 15 16 17 18 19 20 21 22 24 | 24.1
Earth Magic    | 1 4 7 9 10 11 12 14 15 16 17 18 19 20 21 | 21.0
Shields        | 1 4 8 |  8.3
Summonings     | 3 6 7 |  7.0
Necromancy     | 5 8 18 | 18.9
Air Magic      | 4 6 10 | 10.0
Evocations     | 5 17 | 17.1
Fighting       | 16 | 16.1
Armour         | 13 | 13.0
Transmutations | 9 |  9.5
Dodging        | 7 |  7.5
Throwing       | 5 |  5.2
Stealth        | |  1.7

Action                   |  1- 3 |  4- 6 |  7- 9 | 10-12 | 13-15 | 16-18 | 19-21 | 22-24 | 25-27 || total
-------------------------+-------+-------+-------+-------+-------+-------+-------+-------+-------++-------
Melee: Whip              |    42 |    90 |    91 |    20 |       |       |       |       |       ||   243
       Dagger            |     2 |       |       |       |       |       |       |       |       ||     2
       Kick              |       |       |    12 |     2 |     3 |     3 |     2 |       |     2 ||    24
       Staff             |       |       |       |       |    10 |     3 |       |       |     3 ||    16
 Cast: Flame Tongue      |    29 |   119 |   267 |   233 |    54 |     6 |       |       |       ||   708
       Sticky Flame      |       |       |    20 |    57 |    52 |    20 |    11 |       |       ||   160
       Conjure Flame     |       |       |    10 |     7 |     1 |       |       |       |       ||    18
       Fireball          |       |       |     2 |   148 |   576 |   650 |   285 |   177 |   147 ||  1985
       Bolt of Magma     |       |       |       |       |    69 |    35 |    10 |       |       ||   114
       Orb of Destructio |       |       |       |       |    10 |    84 |    62 |    38 |     2 ||   196
       Ignition          |       |       |       |       |       |    13 |    56 |    26 |    92 ||   187
       Spellforged Servi |       |       |       |       |       |     1 |     4 |       |       ||     5
       Iron Shot         |       |       |       |       |       |       |   110 |   347 |    92 ||   549
       Shatter           |       |       |       |       |       |       |       |    49 |    35 ||    84
       Borgnjor's Vile C |       |       |       |       |       |       |       |       |     2 ||     2
       Regeneration      |       |       |       |       |       |       |       |       |    38 ||    38
       Blink             |       |       |       |       |       |       |       |       |     1 ||     1
       Fire Storm        |       |       |       |       |       |       |       |       |   191 ||   191
Evoke: Wand              |       |       |       |     4 |     1 |       |     2 |       |     8 ||    15
       Box of beasts     |       |       |       |       |       |       |     1 |       |       ||     1
       Figurine of a zig |       |       |       |       |       |       |       |       |     1 ||     1
  Use: Scroll            |       |     1 |     5 |     7 |    22 |     8 |    11 |     7 |    27 ||    88
       Potion            |       |       |     5 |       |     1 |       |     2 |     4 |    13 ||    25
 Stab: Sleeping          |     1 |     2 |     1 |       |       |       |       |       |       ||     4
  Eat: Chunk             |     2 |     8 |    17 |    40 |    91 |    65 |    49 |    12 |    32 ||   316
       Ration            |       |       |     1 |     7 |    12 |    19 |     6 |    12 |    12 ||    69
Armor: Robe              |    12 |     1 |       |     6 |    19 |    12 |    12 |    18 |    31 ||   111
       Troll leather arm |       |    46 |    62 |    52 |       |       |       |       |       ||   160
Dodge: Dodged            |    41 |    82 |   137 |    84 |    69 |   110 |    58 |    43 |    69 ||   693
Block: Buckler           |       |       |       |     2 |    34 |    69 |    27 |    22 |    38 ||   192
       Reflection        |       |       |       |       |       |       |       |       |     5 ||     5
       Rpst.: Staff      |       |       |       |       |       |     6 |     3 |       |       ||     9

Table legend:
 A = Non-vault XP
 B = Vault XP
 C = Vault XP percentage of total XP
 D = Non-vault monster count
 E = Vault monster count
 F = Vault count percentage of total count
                 A         B        C        D         E       F
            +---------+---------+-------+---------+---------+-------
      Total | 1798198 |  749112 |  29.4 |    2561 |     787 |  23.5
            +---------+---------+-------+---------+---------+-------
        D:1 |      21 |       8 |  27.6 |      13 |       4 |  23.5
        D:2 |     158 |      35 |  18.1 |      14 |       1 |   6.7
        D:3 |     140 |       0 |   0.0 |      30 |       0 |   0.0
        D:4 |     890 |     268 |  23.1 |      52 |       2 |   3.7
        D:5 |     523 |     423 |  44.7 |      25 |       5 |  16.7
        D:6 |     762 |     214 |  21.9 |      19 |       1 |   5.0
        D:7 |    1116 |    1074 |  49.0 |      22 |       5 |  18.5
        D:8 |    1799 |     130 |   6.7 |      30 |       1 |   3.2
        D:9 |    2408 |    1402 |  36.8 |      40 |      10 |  20.0
       D:10 |    6082 |     355 |   5.5 |      64 |       3 |   4.5
       D:11 |    2872 |       0 |   0.0 |      26 |       0 |   0.0
       D:12 |    6525 |     905 |  12.2 |      48 |       1 |   2.0
       D:13 |    6780 |   10200 |  60.1 |      26 |      18 |  40.9
       D:14 |    8121 |    2191 |  21.2 |      28 |       1 |   3.4
       D:15 |   16062 |    2715 |  14.5 |      36 |       4 |  10.0
     Lair:1 |    1637 |    1883 |  53.5 |       8 |       6 |  42.9
     Lair:2 |    2447 |    1961 |  44.5 |      15 |      11 |  42.3
     Lair:3 |    5107 |       0 |   0.0 |      20 |       0 |   0.0
     Lair:4 |    5397 |    4609 |  46.1 |      25 |       5 |  16.7
     Lair:5 |    3502 |     323 |   8.4 |      16 |       2 |  11.1
     Lair:6 |   11562 |    2768 |  19.3 |      32 |       5 |  13.5
   Shoals:1 |   10675 |       0 |   0.0 |      24 |       0 |   0.0
   Shoals:2 |   16895 |    1845 |   9.8 |      38 |       7 |  15.6
   Shoals:3 |   15074 |       0 |   0.0 |      28 |       0 |   0.0
   Shoals:4 |    9749 |   19213 |  66.3 |      26 |      28 |  51.9
    Snake:1 |   11570 |       0 |   0.0 |      28 |       0 |   0.0
    Snake:2 |   24659 |       0 |   0.0 |      46 |       0 |   0.0
    Snake:3 |   12688 |    1591 |  11.1 |      27 |       1 |   3.6
    Snake:4 |   22429 |   30687 |  57.8 |      41 |      43 |  51.2
    Slime:1 |   14213 |       0 |   0.0 |      14 |       0 |   0.0
    Slime:2 |    4884 |       0 |   0.0 |       8 |       0 |   0.0
    Slime:3 |    4273 |       0 |   0.0 |       7 |       0 |   0.0
    Slime:4 |   11254 |       0 |   0.0 |      23 |       0 |   0.0
    Slime:5 |   15162 |   31493 |  67.5 |      22 |      15 |  40.5
      Orc:1 |    5012 |   13053 |  72.3 |      37 |      25 |  40.3
      Orc:2 |    4891 |    8952 |  64.7 |      56 |      26 |  31.7
      Elf:1 |   24056 |   10346 |  30.1 |      37 |      16 |  30.2
      Elf:2 |   22787 |   35039 |  60.6 |      37 |      54 |  59.3
      Elf:3 |   12550 |   47043 |  78.9 |      18 |      32 |  64.0
   Vaults:1 |   29898 |   12309 |  29.2 |      59 |      19 |  24.4
   Vaults:2 |   21548 |   28188 |  56.7 |      44 |      32 |  42.1
   Vaults:3 |   19738 |   20843 |  51.4 |      36 |      49 |  57.6
   Vaults:4 |   37558 |   23692 |  38.7 |      46 |      24 |  34.3
   Vaults:5 |   26820 |  127316 |  82.6 |      32 |      80 |  71.4
    Crypt:1 |   14583 |   23425 |  61.6 |      26 |       7 |  21.2
    Crypt:2 |   32059 |       0 |   0.0 |      44 |       0 |   0.0
    Crypt:3 |       0 |   78738 | 100.0 |       0 |     103 | 100.0
   Depths:1 |   55236 |   17486 |  24.0 |      75 |      12 |  13.8
   Depths:2 |       0 |   72065 | 100.0 |       0 |      55 | 100.0
   Depths:3 |   32722 |   29218 |  47.2 |      48 |      23 |  32.4
   Depths:4 |   32763 |   38550 |  54.1 |      39 |      23 |  37.1
   Depths:5 |   36364 |   20833 |  36.4 |      34 |      13 |  27.7
      Zig:1 |    2813 |       0 |   0.0 |       4 |       0 |   0.0
      Zig:2 |    8967 |       0 |   0.0 |       7 |       0 |   0.0
      Zig:3 |    8712 |       0 |   0.0 |      14 |       0 |   0.0
      Zig:4 |    9048 |       0 |   0.0 |      17 |       0 |   0.0
      Zig:5 |   17298 |       0 |   0.0 |      17 |       0 |   0.0
      Zig:6 |   25908 |       0 |   0.0 |      19 |       0 |   0.0
      Zig:7 |   24205 |       0 |   0.0 |      24 |       0 |   0.0
      Zig:8 |   35295 |       0 |   0.0 |      31 |       0 |   0.0
      Zig:9 |   10094 |      31 |   0.3 |      24 |       1 |   4.0
     Zig:10 |   19891 |       0 |   0.0 |      13 |       0 |   0.0
     Zig:11 |   17231 |       0 |   0.0 |      22 |       0 |   0.0
     Zig:12 |   21607 |      48 |   0.2 |      23 |       1 |   4.2
     Zig:13 |   24541 |    2258 |   8.4 |      31 |       4 |  11.4
     Zig:14 |   25912 |       0 |   0.0 |      27 |       0 |   0.0
     Zig:15 |   34180 |       0 |   0.0 |      26 |       0 |   0.0
     Zig:16 |   38415 |       0 |   0.0 |      39 |       0 |   0.0
     Zig:17 |   31214 |     457 |   1.4 |      52 |       1 |   1.9
     Zig:18 |   86538 |       0 |   0.0 |      32 |       0 |   0.0
     Zig:19 |   70644 |       0 |   0.0 |      37 |       0 |   0.0
     Zig:20 |   41946 |       0 |   0.0 |      56 |       0 |   0.0
     Zig:21 |   83503 |       0 |   0.0 |      46 |       0 |   0.0
     Zig:22 |   48625 |       0 |   0.0 |      71 |       0 |   0.0
     Zig:23 |   46602 |       0 |   0.0 |      65 |       0 |   0.0
     Zig:24 |   91296 |       0 |   0.0 |      74 |       0 |   0.0
     Zig:25 |  120086 |   22929 |  16.0 |      56 |       8 |  12.5
     Zig:26 |   72174 |       0 |   0.0 |      77 |       0 |   0.0
     Zig:27 |  115432 |       0 |   0.0 |      68 |       0 |   0.0
            +---------+---------+-------+---------+---------+-------
